 Dungeon Crawl Stone Soup version 0.26-a0-660-gc07710193c (webtiles) character file.

Game seed: 10425351316388848544

2510 Execuda the Grappler (level 9, -20/84 HPs)
             Began as a Troll Berserker on Oct 7, 2020.
             Was an Elder of Trog.
             Killed from afar by Maggie (34 damage)
             ... with a bolt of fire
             ... on level 8 of the Dungeon.
             The game lasted 00:05:47 (6446 turns).

Execuda the Grappler (Troll Berserker)              Turns: 6446, Time: 00:05:48

Health: -20/84     AC:  2    Str: 30    XL:     9   Next: 28%
Magic:  0/8        EV:  8    Int:  3    God:    Trog [****..]
Gold:   458        SH:  8    Dex: 15    Spells: 8/8 levels left

rFire    . . .     SeeInvis .     - Unarmed
rCold    . . .     Faith    .   E - +0 kite shield
rNeg     . . .     Spirit   +   a - +0 animal skin
rPois    .         Reflect  .   (helmet restricted)
rElec    .         Harm     .   (no cloak)
rCorr    .         Rampage  .   (gloves unavailable)
MR       ++...                  (boots unavailable)
Stlth    +.........             p - amulet of guardian spirit
HPRegen  1.64/turn              v - +6 ring of dexterity
MPRegen  0.11/turn              (no ring)

@: corroded, mesmerised, regenerating
A: large, unfitting armour, claws 3, regeneration 1, shaggy fur 1, tough skin 3
a: Berserk, Trog's Hand, Brothers in Arms, Renounce Religion


You were on level 8 of the Dungeon.
You worshipped Trog.
Trog was greatly pleased with you.
You visited 1 branch of the dungeon, and saw 8 of its levels.
You also visited: Sewer.

You collected 458 gold pieces.

Inventory:

Missiles
 x - 3 large rocks (quivered)
 y - 4 curare-tipped darts
Armour
 a - a +0 animal skin (worn)
 E - a +0 kite shield (worn)
Jewellery
 m - an uncursed ring of fire
 p - an amulet of guardian spirit (around neck)
 v - a +6 ring of dexterity (left claw)
Wands
 h - a wand of random effects (12)
 o - a wand of flame (41)
Scrolls
 b - 7 scrolls of magic mapping {unknown}
 d - 3 scrolls of enchant weapon {unknown}
 f - 3 scrolls of immolation {unknown}
 g - 3 scrolls of fog {unknown}
 i - 7 scrolls of fear {unknown}
 j - 5 scrolls of teleportation
 l - a scroll of amnesia {unknown}
 w - a scroll of enchant armour {unknown}
 A - 2 scrolls of random uselessness {unknown}
 C - a scroll of identify
Potions
 c - 4 potions of might
 e - a potion of haste
 k - 4 potions of curing
 n - a potion of flight
 q - a potion of cancellation
 r - a potion of brilliance {unknown}
 s - a potion of invisibility {unknown}
 t - a potion of stabbing
 u - 4 potions of heal wounds {unknown}
 z - 2 potions of resistance {unknown}
 B - a potion of lignification {unknown}
 D - a potion of degeneration {unknown}


   Skills:
 * Level 4.2 Fighting
 - Level 2.0 Armour
 + Level 3.3 Dodging
 + Level 0.0 Shields
 * Level 11.4 Unarmed Combat


You had 8 spell levels left.
You didn't know any spells.
Your spell library was empty.

Dungeon Overview and Level Annotations

Branches:
Dungeon (8/15)             Temple (0/1) D:6           Sewer (visited)
   Lair: D:8-11

Altars:
Dithmenos
Elyvilon
Fedhas
Gozag
Kikubaaqudgha
Nemelex Xobeh
Okawaru
Trog
Uskayaw
Wu Jian
Yredelemnul
Zin

Annotations:
D:5 1 runed translucent door
D:8 Maggie


Innate Abilities, Weirdness & Mutations

You are too large for most types of armour.
You have claws for hands.
Your natural rate of healing is unusually fast.
You are covered in fur. (AC +1)
You have extremely tough skin. (AC +3)


Message History

Maggie is severely wounded.
Maggie zaps a wand.
The bolt of acid hits you!
* * * LOW HITPOINT WARNING * * *
The acid corrodes you!
You are splashed with acid!
* * * LOW HITPOINT WARNING * * *
Okay, then.
Evoke which item? (* to show all) (? for menu, Esc to quit)
Okay, then.
You fail to use your ability.
Maggie hits you with a +0 scimitar!
* * * LOW HITPOINT WARNING * * *
You cannot move away from Maggie!
Unknown command.
Unknown command.
Your ogre goes berserk!
You fail to use your ability.
Maggie hits you with a +0 scimitar!
* * * LOW HITPOINT WARNING * * *
You feel better. Maggie gestures at you while chanting.
The bolt of fire hits you!!
You die...

#######
#.#.#.#############
#####.....^............
....#.#.#....##########
#.................
#..#........#.#######
#......@.......######..
#..#..@O..#.#..........
#.###..#.##.######.. #
#..#.##.# #..#.##.#
#..#.##.# #..#.##.#
#..#.##.# #.##.


You could see Maggie (mesmerising) and a friendly ogre (summoned, berserk).

Vanquished Creatures
  Grinder (D:3)
  Duvessa (D:7)
  3 orc warriors (D:7)
  A necrophage (D:7)
  An ogre (D:5)
  3 centaurs
  3 big kobolds
  3 bullfrogs
  A gnoll sergeant (D:7)
  Dowan (D:7)
  A scorpion (D:6)
  A howler monkey (D:4)
  A bullfrog zombie (D:7)
  A jelly (D:4)
  A centaur skeleton (D:7)
  2 hounds
  5 orc priests
  An iguana (D:6)
  5 orc wizards
  Ijyb (D:3)
  2 worker ants
  A hound zombie (D:6)
  A hound skeleton (D:4)
  2 worker ant zombies
  Robin (D:3)
  8 adders
  3 river rats (Sewer)
  A shadow imp (D:6)
  11 oozes
  An adder skeleton (D:4)
  2 adder zombies
  6 worms
  4 dart slugs
  3 leopard geckos
  18 orcs
  3 ball pythons
  8 bats
  A bat zombie (D:1)
  10 giant cockroaches
  11 goblins
  15 hobgoblins
  10 jackals
  A quokka (D:4)
  3 frilled lizards
  A jackal zombie (D:6)
  12 kobolds
  11 rats
187 creatures vanquished.

Notes
Turn   | Place    | Note
-------+----------+-------------------------------------------
     0 | D:1      | Execuda the Troll Berserker began the quest for the Orb.
     0 | D:1      | Reached XP level 1. HP: 22/22 MP: 0/0
   115 | D:1      | Reached XP level 2. HP: 29/29 MP: 1/1
   279 | D:1      | Reached skill level 4 in Unarmed Combat
   292 | D:1      | Reached XP level 3. HP: 35/36 MP: 2/2
   582 | D:1      | Reached ** piety under Trog
   871 | D:2      | Found a sparkling altar of Nemelex Xobeh.
   871 | D:2      | Found an opulent altar of Gozag.
   920 | D:2      | Reached XP level 4. HP: 43/44 MP: 3/3
   977 | D:2      | Reached skill level 5 in Unarmed Combat
   999 | D:2      | Found an iron altar of Okawaru.
  1071 | D:2      | Found a glowing silver altar of Zin.
  1071 | D:2      | Noticed an angel
  1397 | D:3      | Found a shadowy altar of Dithmenos.
  1430 | D:3      | Found a bloodstained altar of Trog.
  1477 | D:3      | Noticed Robin
  1481 | D:3      | Noticed Ijyb
  1486 | D:3      | Reached *** piety under Trog
  1491 | D:3      | Killed Ijyb
  1491 | D:3      | Reached XP level 5. HP: 48/50 MP: 4/4
  1507 | D:3      | Killed Robin
  1507 | D:3      | Reached skill level 6 in Unarmed Combat
  1739 | D:3      | Found a basalt altar of Yredelemnul.
  1746 | D:3      | Noticed Grinder
  1752 | D:3      | Paralysed by Grinder for 3 turns
  1758 | D:3      | Killed Grinder
  1758 | D:3      | Reached skill level 7 in Unarmed Combat
  1758 | D:3      | Reached XP level 6. HP: 18/59 MP: 5/5
  2260 | D:4      | Found a blossoming altar of Fedhas.
  2336 | D:4      | Reached skill level 8 in Unarmed Combat
  2341 | D:4      | Reached XP level 7. HP: 59/66 MP: 6/6
  2596 | D:4      | Found an ornate altar of the Wu Jian Council.
  3049 | D:5      | Entered Level 5 of the Dungeon
  3303 | D:5      | Found a runed translucent door.
  3393 | D:5      | Reached skill level 9 in Unarmed Combat
  3818 | D:6      | Found a glowing drain.
  3836 | Sewer    | Entered a sewer
  3970 | Sewer    | Reached XP level 8. HP: 62/74 MP: 7/7
  4075 | Sewer    | Reached **** piety under Trog
  4229 | Sewer    | Reached skill level 10 in Unarmed Combat
  4486 | D:6      | Found an ancient bone altar of Kikubaaqudgha.
  4888 | D:6      | Found a staircase to the Ecumenical Temple.
  5365 | D:7      | Noticed a +0 dagger
  5365 | D:7      | Noticed a +0 hand axe
  5366 | D:7      | Found a hide-covered altar of Uskayaw.
  5427 | D:7      | Reached skill level 11 in Unarmed Combat
  5635 | D:7      | Noticed Duvessa
  5635 | D:7      | Noticed Dowan
  5639 | D:7      | Reached skill level 1 in Armour
  5645 | D:7      | Killed Duvessa
  5647 | D:7      | Killed Dowan
  5738 | D:7      | Reached XP level 9. HP: 50/83 MP: 5/8
  5826 | D:7      | Found a white marble altar of Elyvilon.
  6432 | D:8      | Noticed Maggie
  6445 | D:8      | HP: 2/83 [Maggie/+0 scimitar (8)]
  6446 | D:8      | Killed from afar by Maggie

Illustrated notes

Levels and vault maps discovered:
D:1:      saegor_arrival_fortress, layout_loops_ring
D:2:      layout_rooms, grunt_temple_overflow_opulence, zin_angel,
          okawaru_trees_2
D:3:      layout_loops_ring, bloody_trog, overflow_temple_1_default,
          old_standard_altar, uniq_ijyb, uniq_grinder, uniq_robin
D:4:      layout_layer_cave, old_standard_altar, lemuel_doored_altar
D:5:      layout_basic, kennysheep_decorative_pillar, lightli_church_of_beogh
D:6:      layout_basic, kiku_gazebo_garden_becter, lemuel_temple_firewalk_b,
          enter_ossuary_1, portal_sewer_entry_d
D:7:      layout_loops_corners, marbit_many_paths, dancing_weapons_uskayaw,
          sword_in_stone, uniq_duvessa
D:8:      layout_basic, kennysheep_mini, uniq_maggie, uniq_maurice

Skill      XL: |  1  2  3  4  5  6  7  8  9 |
---------------+----------------------------+-----
Unarmed Combat | 4 5 7 8 9 11 | 11.4
Fighting       | 3 4 |  4.2
Armour         | 1 2 |  2.0
Dodging        | 3 |  3.3

Action                   |  1- 3 |  4- 6 |  7- 9 || total
-------------------------+-------+-------+-------++-------
Melee: Unarmed           |    95 |   129 |   257 ||   481
       Punch             |       |     1 |    15 ||    16
Invok: Berserk           |       |     3 |     6 ||     9
       Trog's Hand       |       |     1 |     3 ||     4
       Brothers in Arms  |       |       |     1 ||     1
  Use: Scroll            |       |       |     7 ||     7
       Potion            |       |       |     1 ||     1
 Stab: Sleeping          |     1 |     2 |     1 ||     4
Armor: Animal skin       |    37 |    54 |    49 ||   140
Dodge: Dodged            |    43 |    61 |   111 ||   215
Block: Kite shield       |       |       |     1 ||     1

Table legend: (Time is in decaauts)
 A = Elapsed time spent in this place.
 B = Non-inter-level travel time spent in this place.
 C = Inter-level travel time spent in this place.
 D = Time resting spent in this place.
 E = Time spent auto-exploring this place.
 F = Levels seen in this place.
 G = Mean time per level.
                   A        B        C        D        E       F      G
               +--------+--------+--------+--------+--------+-----+--------+
         Total |   6609 |   6484 |    125 |    524 |   4872 |   9 |  734.3 |
       Dungeon |   5859 |   5734 |    125 |    517 |   4321 |   8 |  732.4 |
         Sewer |    750 |    750 |      0 |      7 |    550 |   1 |  750.0 |
               +--------+--------+--------+--------+--------+-----+--------+

Top non-repeatable levels by time:
     D:7: 1042 daAuts
     D:6: 1020 daAuts
     D:4: 937 daAuts
     D:3: 923 daAuts
     D:1: 800 daAuts
   Sewer: 750 daAuts
     D:5: 695 daAuts
     D:2: 387 daAuts
     D:8: 51 daAuts
